 Dungeon Sprint DCSS version 0.21.2 (webtiles) character file.

3271 Fang the Cleaver (level 10, -7/109 HPs)
             Began as a Gargoyle Berserker on Sept 25, 2018.
             Was the Champion of Trog.
             Mangled by a troll (14 damage)
             ... summoned by the player character
             ... in the Dungeon (Sprint VII: "The Pits").
             The game lasted 00:03:18 (1395 turns).

Fang the Cleaver (Gargoyle Berserker)               Turns: 1395, Time: 00:03:19

Health: -7/109     AC: 24    Str: 28    XL:     10   Next: 0%
Magic:  1/10       EV: 10    Int:  9    God:    Trog [******]
Gold:   0          SH:  0    Dex:  9    Spells: 9/9 levels left

rFire    . . .     SeeInvis .   m - +0 hand axe (chop)
rCold    . . .     Gourm    .   (no shield)
rNeg     + . .     Faith    .   w - +3 plate armour
rPois    ∞         Spirit   .   (no helmet)
rElec    +         Reflect  .   (no cloak)
rCorr    .         Harm     .   (no gloves)
MR       .....     NoTele   +   (no boots)
Stlth    ..........             (no amulet)
HPRegen  0.28/turn              (no ring)
MPRegen  0.12/turn              (no ring)

@: berserking, very quick
A: negative energy resistance 1, electricity resistance, unbreathing,
petrification resistance, rot immunity, AC +7
a: Berserk, Trog's Hand, Brothers in Arms, Burn Spellbooks, Renounce Religion


You were in the Dungeon.
You worshipped Trog.
Trog was exalted by your worship.
You were not hungry.

You visited 1 branch

Inventory:

Hand Weapons
 j - a +2 hand axe
 m - a +0 hand axe of chopping (weapon)
 v - a +2 war axe of freezing
Armour
 w - a +3 plate armour (worn)
Jewellery
 q - a +3 ring of protection
 t - a +3 ring of intelligence
Wands
 p - a wand of digging (16)
Scrolls
 i - a scroll of blinking
 k - 3 scrolls of remove curse
 l - a scroll of summoning
Potions
 a - 2 potions of invisibility
 b - a potion of degeneration {unknown}
 d - 8 potions of curing
 e - 11 potions of heal wounds
 f - a potion of haste
 g - 4 potions of magic
 h - 3 potions of berserk rage
 r - a potion of might
 s - a potion of resistance
 u - a potion of brilliance
Comestibles
 c - 8 rations


   Skills:
 + Level 13.2 Fighting
 + Level 13.7 Axes
 + Level 9.7 Armour
 + Level 6.3 Dodging
 + Level 4.0 Stealth


You had 9 spell levels left.
You didn't know any spells.

Dungeon Overview and Level Annotations

Branches:
Dungeon (1/1)

Altars:
Cheibriados
Dithmenos
Elyvilon
Fedhas
Gozag
Hepliaklqana
Makhleb
Nemelex Xobeh
Okawaru
Qazlal
Ru
Sif Muna
Trog
Vehumet
Wu Jian
Xom
Yredelemnul
Zin
The Shining One
Beogh
Jiyva
Lugonu

Annotations:
D Sonja


Innate Abilities, Weirdness & Mutations

You are resistant to torment.
Your stone body is resilient. (AC +7)
You are immune to poison.
You resist negative energy. (rN+)
You are resistant to electric shocks. (rElec)
You can survive without breathing.
You are immune to petrification.
You are immune to rotting.


Message History

You hit the troll. The troll barely misses you. The troll claws you!
* * * LOW HITPOINT WARNING * * *
The troll closely misses you.
Unknown command.
You slash Gastronok!
Gastronok is almost dead.
You slash the troll! Gastronok bites you!
* * * LOW HITPOINT WARNING * * *
You slice Gastronok!!
You kill Gastronok!
Trog accepts your kill.
Trog appreciates your killing of a magic user.
Your Fighting skill gained 2 levels and is now at level 13!
Your Axes skill increases to level 13!
Your Armour skill increases to level 9!
Your Dodging skill increases to level 6!
Your Stealth skill gained 2 levels and is now at level 4!
You have reached level 10!
Your plate armour prevents you from hitting the troll.
The troll bites you!
You die...

..##................#
))#####'#####''######
.)##.......##''##### #
))##.......##.)....+ .+
[[##.......##......+..+
'###...<...##.....##..##
..##.......##...###....#
..##.......##..##.......
####.......##'†#@T.#..#.
.. ##########.)(†§......
.############++#...#..#.
.#....#..[[# ##.......
)#....#..[[# ##....#
('.(..'...)# #..##
)#....#..))# ..+
.#....#..))# .+
############ #


You could see a troll (berserk).

Vanquished Creatures
  Gastronok (D)
  A snapping turtle (D)
  A wyvern (D)
  2 vampire mosquitoes (D)
  A soldier ant (D)
  3 floating eyes (D)
  An eye of draining (D)
  Blork the orc (D)
  A jelly (D)
  An iron imp (D)
  Ijyb (D)
  An adder (D)
  A river rat (D)
  An ufetubus (D)
  An ooze (D)
  A ball python (D)
  A giant cockroach (D)
  A goblin (D)
  3 hobgoblins (D)
  2 quokkas (D)
  A ball python skeleton (D)
  A bat (D)
  A jackal skeleton (D)
  2 kobolds (D)
  A leopard gecko skeleton (D)
32 creatures vanquished.

Vanquished Creatures (collateral kills)
  A cyclops (D)
  2 vampire mosquitoes (D)
3 creatures vanquished.

Grand Total: 35 creatures vanquished

Notes
Turn   | Place    | Note
-------+----------+-------------------------------------------
     0 | D        | Fang the Gargoyle Berserker began the quest for the Orb.
     0 | D        | Reached XP level 1. HP: 14/14 MP: 1/1
    20 | D        | Reached XP level 2. HP: 15/20 MP: 2/2
   165 | D        | Found a bloodstained altar of Trog.
   165 | D        | Found a deep blue altar of Sif Muna.
   165 | D        | Found a viscous altar of Jiyva.
   165 | D        | Found a hazy altar of Hepliaklqana.
   165 | D        | Found an opulent altar of Gozag.
   166 | D        | Found a glowing golden altar of the Shining One.
   166 | D        | Found a glowing silver altar of Zin.
   166 | D        | Found a basalt altar of Yredelemnul.
   166 | D        | Found a shimmering altar of Xom.
   166 | D        | Found an ornate altar of the Wu Jian Council.
   166 | D        | Found a sacrificial altar of Ru.
   166 | D        | Found a stormy altar of Qazlal.
   166 | D        | Found an iron altar of Okawaru.
   166 | D        | Found a sparkling altar of Nemelex Xobeh.
   166 | D        | Found a burning altar of Makhleb.
   166 | D        | Found a blossoming altar of Fedhas.
   166 | D        | Found a white marble altar of Elyvilon.
   166 | D        | Found a shadowy altar of Dithmenos.
   166 | D        | Found a snail-covered altar of Cheibriados.
   168 | D        | Found a radiant altar of Vehumet.
   168 | D        | Found a corrupted altar of Lugonu.
   168 | D        | Found a roughly hewn altar of Beogh.
   205 | D        | Noticed a floating eye
   208 | D        | Killed a floating eye
   208 | D        | Reached ** piety under Trog
   208 | D        | Reached skill level 5 in Axes
   208 | D        | Reached XP level 3. HP: 28/28 MP: 3/3
   208 | D        | Reached XP level 4. HP: 32/32 MP: 4/4
   232 | D        | Noticed a floating eye
   236 | D        | Paralysed by a floating eye for 4 turns
   241 | D        | Reached *** piety under Trog
   241 | D        | Reached XP level 5. HP: 27/38 MP: 5/5
   242 | D        | Killed a floating eye
   555 | D        | Reached **** piety under Trog
   560 | D        | Noticed Blork the orc
   565 | D        | Killed Blork the orc
   565 | D        | Reached ***** piety under Trog
   565 | D        | Reached XP level 6. HP: 46/46 MP: 6/6
   729 | D        | Noticed Ijyb
   731 | D        | Killed Ijyb
   737 | D        | Reached skill level 5 in Armour
   869 | D        | Noticed a cyclops
   869 | D        | Noticed a floating eye
   872 | D        | Killed a floating eye
   872 | D        | Reached skill level 1 in Stealth
   872 | D        | Reached XP level 7. HP: 52/52 MP: 7/7
   875 | D        | Reached skill level 10 in Fighting
   879 | D        | Killed a cyclops
   879 | D        | Reached skill level 10 in Axes
   879 | D        | Reached skill level 5 in Dodging
  1154 | D        | Noticed a snapping turtle
  1154 | D        | Noticed a soldier ant
  1162 | D        | Killed a soldier ant
  1162 | D        | Reached XP level 8. HP: 34/59 MP: 8/8
  1171 | D        | Killed a snapping turtle
  1171 | D        | Received a gift from Trog
  1357 | D        | Noticed a wyvern
  1358 | D        | Noticed Sonja
  1363 | D        | Noticed Gastronok
  1380 | D        | Killed a wyvern
  1381 | D        | Received a gift from Trog
  1384 | D        | Reached XP level 9. HP: 62/65 MP: 0/9
  1394 | D        | Killed Gastronok
  1394 | D        | Reached ****** piety under Trog
  1394 | D        | Reached XP level 10. HP: 7/73 MP: 1/10
  1395 | D        | Mangled by a troll

Skill      XL: |  1  2  3  4  5  6  7  8  9 |
---------------+----------------------------+-----
Fighting       | 4 6 7 9 10 11 13 | 13.2
Axes           | 3 5 6 8 9 10 12 13 | 13.7
Armour         | 3 4 5 6 8 9 |  9.7
Dodging        | 2 4 5 6 |  6.3
Stealth        | 1 2 4 |  4.0

Action                   |  1- 3 |  4- 6 |  7- 9 | 10-12 || total
-------------------------+-------+-------+-------+-------++-------
Melee: Hand axe          |     9 |    32 |    46 |       ||    87
Invok: Berserk           |     1 |     4 |     2 |       ||     7
       Brothers in Arms  |       |     1 |     1 |       ||     2
  Use: Potion            |       |       |     1 |       ||     1
  Eat: Chunk             |       |     3 |     2 |       ||     5
       Ration            |       |       |     1 |       ||     1
Armor: Animal skin       |     1 |     8 |       |       ||     9
       Plate armour      |       |     9 |    40 |       ||    49
Dodge: Dodged            |     4 |    19 |    21 |       ||    44
